AoeStats
← SCHNOBEL

Pilgrims

510113282Analyzed
4v4 RM · 4d ago on Sep 29, 2026· 39m 47s· 8 players
Game mode
Random Map
Map size
Large (8 player)
Population
200
Speed
Normal
Resources
Standard
Victory
Conquest
Starting age
Dark Age
Ending age
Imperial Age
RankedLock teamsTeams togetherTeam positionsShared explorationLock speedFull tech treeHidden civsTurbo modeCheats
Victory
Defeat
🇸🇪 Byzantines · Sweden
1327
+13
🇨🇳 Varangians · China
1298
+14
🇷🇺 Japanese · Russia
1277
+15
🇸🇪 Franks · Sweden
1200
+19
🇨🇳 Vikings · China
1290
-16
🇨🇳 Armenians · China
1266
-15
🇹🇼 Persians · Taiwan
1245
-15
🇨🇳 Shu · China
1244
-15
subaru
9:35 Feudal Age
11:02 Double-Bit Axe
10:58 Man-at-Arms
12:38 Arson
13:14 Forging
13:18 Long Swordsman
22:42 Castle Age
22:06 Fletching
22:09 Loom
野豬騎士來囉
11:37 Loom
13:57 Feudal Age
17:35 Castle Age
15:57 Double-Bit Axe
20:03 Medium Warships
20:46 Scale Barding Armor
20:51 Forging
22:07 Chain Barding Armor
23:19 Horse Collar
27:05 Wheelbarrow
26:34 Heavy Plow
26:46 Bow Saw
26:56 Bloodlines
29:35 Imperial Age
27:30 Bloodlines
28:03 Gold Mining
28:52 Iron Casting
29:07 Husbandry
29:11 Cavalier
31:24 Plate Barding Armor
31:50 Blast Furnace
31:59 Blast Furnace
32:06 Hand Cart
35:21 Light Cavalry
36:13 Hussar
谢por
9:53 Loom
12:19 Feudal Age
15:27 Fishing Lines
16:24 Double-Bit Axe
23:54 Castle Age
21:52 Horse Collar
22:59 Fletching
24:50 Gold Mining
25:11 Bodkin Arrow
25:38 Bow Saw
28:23 Ballistics
30:01 Gillnets
31:24 Medium Warships
32:17 Clinker Construction
33:38 Padded Archer Armor
33:51 Careening
35:40 Heavy Plow
39:00 Imperial Age
36:31 Arson
36:46 Squires
37:40 Scale Mail Armor
37:50 Forging
39:30 Chain Mail Armor
39:51 Iron Casting
yangyang
10:40 Feudal Age
15:13 Castle Age
13:01 Loom
18:54 Pikeman
19:51 Forging
19:41 Scale Mail Armor
20:37 Crossbowman
26:04 Fletching
26:10 Horse Collar
27:35 Thumb Ring
28:26 Gambesons
28:41 Squires
28:27 Arson
29:26 Stone Mining
29:27 Gold Mining
35:09 Imperial Age
33:15 Wheelbarrow
37:41 Imperial Age
36:12 Hand Cart
35:43 Town Watch
41:29 Imperial Age
2987052186
13:06 Feudal Age
17:04 Castle Age
21:00 Scale Barding Armor
21:05 Forging
20:55 Double-Bit Axe
23:51 Loom
28:52 Fishing Lines
31:56 Imperial Age
31:13 Chain Barding Armor
31:28 Iron Casting
32:18 Wheelbarrow
31:50 Vendel Legacy
32:58 Conscription
33:25 Plate Barding Armor
33:18 Hand Cart
34:10 Cavalier
34:51 Husbandry
35:02 Bloodlines
35:48 Horse Collar
36:27 Bow Saw
37:08 Heavy Plow
39:17 Blast Furnace
Stockholm
6:34 Loom
11:57 Feudal Age
13:04 Double-Bit Axe
17:13 Scale Mail Armor
17:18 Scale Barding Armor
20:51 Castle Age
26:21 Chain Barding Armor
26:12 Forging
26:51 Gold Mining
28:57 Wheelbarrow
29:27 Stone Mining
30:13 Gold Shaft Mining
30:39 Iron Casting
30:58 Hand Cart
34:38 Husbandry
DaniwA
6:22 Loom
8:30 Feudal Age
9:03 Double-Bit Axe
15:53 Castle Age
17:09 Medium Warships
19:54 Forging
27:53 Imperial Age
26:45 Wheelbarrow
26:03 Fletching
26:13 Padded Archer Armor
26:53 Bodkin Arrow
27:04 Elite Skirmisher
28:15 Crossbowman
32:11 Bracer
32:26 Leather Archer Armor
36:49 Ballistics
40:07 Leather Archer Armor
SCHNOBEL
6:06 Loom
11:45 Feudal Age
12:01 Man-at-Arms
18:46 Castle Age
17:56 Gold Mining
19:15 Forging
21:11 Wheelbarrow
20:52 Stone Mining
26:13 Horse Collar
29:05 Fletching
30:21 Double-Bit Axe
30:48 Padded Archer Armor
31:24 Fishing Lines
33:10 Hand Cart
33:54 Bodkin Arrow
34:15 Leather Archer Armor
34:38 Gillnets
36:16 Ballistics
37:48 Treadmill Crane
38:15 Husbandry
38:26 Bloodlines
39:10 Town Watch
39:40 Bow Saw
39:49 Heavy Plow
Connection lost

Rejoining the realm…

Still unreachable

The connection could not be restored.

Session expired

The server has moved on; the page needs a fresh start.